 Dungeon Crawl Stone Soup version 0.29.1-2-gbd0b4ee654 (webtiles) character file.

Game seed: 4866928159201499276

58 styxcanada the Sneak (level 3, -3/18 HPs)
             Began as a Spriggan Brigand on Nov 3, 2022.
             Killed from afar by Natasha (4 damage)
             ... with a magic dart
             ... on level 2 of the Dungeon.
             The game lasted 00:05:53 (2216 turns).

styxcanada the Sneak (Spriggan Brigand)             Turns: 2216, Time: 00:05:54

Health: -3/18      AC:  3    Str:  7    XL:     3   Next: 76%
Magic:  4/4        EV: 17    Int: 12    God:
Gold:   109        SH:  0    Dex: 18    Spells: 2/2 levels left

rFire   . . .      SeeInvis +   a - +3 dagger (protect)
rCold   . . .      Faith    .   (no shield)
rNeg    . . .      Spirit   .   b - +0 robe
rPois   .          Reflect  .   (helmet restricted)
rElec   .          Harm     .   c - +0 cloak
rCorr   .          Rampage  .   (gloves unavailable)
Will    .....                   (boots unavailable)
Stlth   ++++......              (no amulet)
HPRegen 0.06/turn               (no ring)
MPRegen 0.09/turn               (no ring)

@: slowed, quick
A: very small, no large weapons, unfitting armour, see invisible, speed 3
a: no special abilities


You were on level 2 of the Dungeon.
You visited 1 branch of the dungeon, and saw 2 of its levels.

You collected 109 gold pieces.

Inventory:

Hand Weapons
 a - a +3 dagger of protection (weapon)
 m - a +0 sling
Missiles
 d - 5 poisoned darts (quivered)
 e - 3 curare-tipped darts
 i - 42 stones
 j - 4 boomerangs
Armour
 b - a +0 robe (worn)
 c - a +0 cloak (worn)
Magical Staves
 l - a staff of fire
Scrolls
 o - 2 scrolls of amnesia
Potions
 f - 2 potions of haste {unknown}
 k - 2 potions of curing
 n - a potion of heal wounds {unknown}


   Skills:
 * Level 1.7 Fighting
 + Level 2.4 Short Blades
 + Level 2.0 Throwing
 * Level 1.7 Dodging
 * Level 7.8 Stealth


You had 2 spell levels left.
You didn't know any spells.
Your spell library contained the following spells:

 Spells                   Type           Power      Damage    Failure   Level
 Sandblast                Erth           0%         2d4       32%         1
 Passwall                 Tmut/Erth      0%         N/A       45%         2
 Stone Arrow              Conj/Erth      0%         3d7       69%         3


Dungeon Overview and Level Annotations

Branches:
Dungeon (2/15)

Altars:

Annotations:
D:2 Natasha


Innate Abilities, Weirdness & Mutations

You are very small and have problems with some larger weapons.
You are too small for most types of armour.
You have supernaturally acute eyesight. (SInv)
You cover ground extremely quickly. (Speed+++)


Message History

Press: ? - help, Q - select action, (/) - cycle Shift-Dir - straight line, f/p - Natasha
Aim: Natasha, carrying a wand of flame (16) (severely wounded, 55% to hit)
You throw a poisoned dart. The poisoned dart misses Natasha.
Natasha stares at you and mumbles some strange words.
The magic dart hits you!
Ouch! That really hurt!
Throw: 8 darts (poison)
Press: ? - help, Q - select action, (/) - cycle Shift-Dir - straight line, f/p - Natasha
Aim: Natasha, carrying a wand of flame (16) (severely wounded, 55% to hit)
You throw a poisoned dart.
The poisoned dart barely misses Natasha.
Natasha casts a spell at you. The magic dart hits you.
* * * LOW HITPOINT WARNING * * *
Throw: 7 darts (poison)
Press: ? - help, Q - select action, (/) - cycle Shift-Dir - straight line, f/p - Natasha
Aim: Natasha, carrying a wand of flame (16) (severely wounded, 55% to hit)
You throw a poisoned dart.
The poisoned dart closely misses Natasha.
Natasha casts a spell at you. You resist with some effort.
Throw: 6 darts (poison)
Press: ? - help, Q - select action, (/) - cycle Shift-Dir - straight line, f/p - Natasha
Aim: Natasha, carrying a wand of flame (16) (severely wounded, 55% to hit)
You throw a poisoned dart.
The poisoned dart closely misses the crimson imp.
The poisoned dart barely misses Natasha.
Natasha mumbles some strange words.
The crimson imp closely misses you.
You hit the crimson imp.
Your weapon exudes an aura of protection.
The crimson imp is lightly wounded.
The crimson imp completely misses you.
The crimson imp hits you but does no damage.
Natasha casts a spell.
Natasha mumbles some strange words.
Natasha glows brightly for a moment.
Natasha stares at you and mumbles some strange words.
The magic dart hits you.
You die...

# #...####....## #.#............
#...# #####..###.#.##.........
#...# #..........#.##.........
#...# #.####...###5##.........
##### #.# ###.###.##.........
##########.######5.##.##.........
.÷.........§5h..5....(##.........
##########.########.####.........
#....h...@........#.###...
#....##########.###.# #.## #....#
#..##.# #.## ###### ##.##.# #.##
#.##.# #... #....# #..#
###..###..# #.......# ##.#...##


You could see Natasha.

Vanquished Creatures
  Natasha (D:2)
  6 ball pythons
  4 endoplasms (D:1)
  2 giant cockroaches (D:1)
  7 goblins
  A hobgoblin (D:2)
  3 jackals (D:1)
  A bat (D:1)
  A frilled lizard (D:1)
  2 kobolds
  3 rats (D:1)
31 creatures vanquished.

Vanquished Creatures (others)
  A jackal (D:1)
  A quokka (D:1)
2 creatures vanquished.

Grand Total: 33 creatures vanquished

Notes
Turn   | Place    | Note
-------+----------+-------------------------------------------
     0 | D:1      | styxcanada the Spriggan Brigand began the quest for the
                  | Orb.
     0 | D:1      | Reached XP level 1. HP: 10/10 MP: 2/2
    36 | D:1      | Reached skill level 6 in Stealth
   144 | D:1      | Reached XP level 2. HP: 9/14 MP: 3/3
   765 | D:1      | Reached skill level 7 in Stealth
  1270 | D:2      | Noticed Natasha
  1277 | D:2      | Killed Natasha
  1278 | D:2      | Reached XP level 3. HP: 18/18 MP: 4/4
  1372 | D:2      | Noticed Natasha
  1681 | D:2      | Identified the +7 chain mail "Seuck" {Will+}
  2216 | D:2      | Killed from afar by Natasha

Illustrated notes

Levels and vault maps discovered:
D:1:      psy_arrival_statuary, layout_loops_ring, lemuel_flame_loot_1
D:2:      layout_basic, shapermc_ecumenical_altar_pompeii, uniq_natasha

Skill      XL: |  1  2 |
---------------+-------+-----
Stealth        | 6 7 |  7.8
Fighting       | |  1.7
Short Blades   | |  2.4
Throwing       | |  2.0
Dodging        | |  1.7

Action                   || total
-------------------------++-------
Melee: Dagger            ||    59
Throw: Dart              ||     8
  Use: Scroll            ||     8
 Stab: Sleeping          ||    11
Armor: Robe              ||    13
Dodge: Dodged            ||    36
